 Dungeon Crawl Stone Soup version 0.21-a0-519-gb765982 (webtiles) character file.

6126 slep the Cleaver (level 10, -12/91 HPs)
             Began as a Minotaur Monk on Dec 5, 2017.
             Was a Follower of Okawaru.
             Shot with a sling bullet by Joseph (14 damage)
             ... on level 7 of the Dungeon.
             The game lasted 00:31:14 (5855 turns).

slep the Cleaver (Minotaur Monk)                    Turns: 5855, Time: 00:31:15

Health: -12/91     AC:  6    Str: 19    XL:     10   Next: 59%
Magic:  8/11       EV: 16    Int:  7    God:    Okawaru [*.....]
Gold:   292        SH:  0    Dex: 13    Spells: 12/12 levels left

rFire    . . .     SeeInvis .   m - +0 blowgun
rCold    + . .     Gourm    .   (no shield)
rNeg     . . .     Faith    +   E - +2 robe {MR+}
rPois    .         Spirit   .   (helmet restricted)
rElec    .         Reflect  .   l - +0 cloak
rCorr    .         Harm     .   (no gloves)
MR       ++...                  t - +0 pair of boots
Stlth    +++.......             h - amulet of faith
HPRegen  0.25/turn              G - ring of protection from magic
MPRegen  0.12/turn              q - ring of protection from cold

@: no status effects
A: retaliatory headbutt, horns 2
a: Heroism, Renounce Religion


You were on level 7 of the Dungeon.
You worshipped Okawaru.
Okawaru was aware of your devotion.
You were very hungry.

You visited 2 branches of the dungeon, and saw 9 of its levels.

You collected 292 gold pieces.

Inventory:

Hand Weapons
 a - a +0 hand axe
 m - a +0 blowgun (weapon)
 o - a +1 dagger of electrocution
 D - a +3 flail of crushing
Missiles
 H - a poisoned needle (quivered)
Armour
 b - a +0 robe
 g - a +0 ring mail
 l - a +0 cloak (worn)
 r - a +2 animal skin
 t - a +0 pair of boots (worn)
 E - a +2 robe of magic resistance (worn)
Jewellery
 e - an uncursed ring of see invisible
 h - an amulet of faith (around neck)
 q - a ring of protection from cold (right hand)
 F - a +6 amulet of reflection
 G - a ring of protection from magic (left hand)
 I - an uncursed ring of fire
 K - an uncursed amulet of guardian spirit
Wands
 A - a wand of random effects (15)
 M - a wand of scattershot (6)
Scrolls
 i - 3 scrolls of teleportation {unknown}
 k - 8 scrolls of identify {unknown}
 n - a scroll of fear {unknown}
 s - 4 scrolls of fog {unknown}
 u - a scroll of noise {unknown}
 v - a scroll of blinking {unknown}
 w - 3 scrolls of enchant armour {unknown}
 x - 4 scrolls of remove curse {unknown}
 y - 2 scrolls of enchant weapon {unknown}
 B - a scroll of magic mapping {unknown}
 J - a scroll of amnesia {unknown}
Potions
 L - a potion of degeneration {unknown}
Books
 p - a book of Misfortune

   Spells                             Type                      Level
   a - Confusing Touch                Hexes                        1
   b - Confuse                        Hexes                        3
   c - Gell's Gravitas                Translocation                3
   d - Petrify                        Transmutation/Earth          4
   e - Metabolic Englaciation         Hexes/Ice                    5
   f - Yara's Violent Unravelling     Hexes/Transmutation          5
Comestibles
 c - 4 bread rations
 d - 3 meat rations
 f - 3 royal jellies
 j - 4 fruits


   Skills:
 + Level 9.0 Fighting
 + Level 2.9 Short Blades
 + Level 11.0(11.5) Axes
 + Level 5.6(9.1) Maces & Flails
 + Level 2.6 Throwing
 + Level 3.5 Armour
 + Level 7.6 Dodging
 + Level 5.6 Stealth
 + Level 2.9 Unarmed Combat
 + Level 1.7 Spellcasting
 + Level 2.7 Invocations
 + Level 3.1 Evocations


You had 12 spell levels left.
You didn't know any spells.

Dungeon Overview and Level Annotations

Branches:
Dungeon (8/15)             Temple (1/1) D:7            Lair (0/6) D:8

Altars:
Ashenzari
Cheibriados
Dithmenos
Elyvilon
Fedhas
Gozag
Hepliaklqana
Kikubaaqudgha
Makhleb
Nemelex Xobeh
Okawaru
Qazlal
Ru
Sif Muna
Trog
Uskayaw
Vehumet
Wu Jian
Xom
Yredelemnul
Zin
The Shining One

Annotations:
D:7 Joseph


Innate Abilities, Weirdness & Mutations

You reflexively headbutt those who attack you in melee.
You have a pair of horns on your head.


Message History

* * * LOW HITPOINT WARNING * * *
You see here a sling bullet.
It was a potion of experience.
You feel more experienced!
Your Fighting skill increases to level 9!
Your Short Blades skill gained 2 levels and is now at level 2!
Your Axes skill increases to level 11!
Your base Maces & Flails skill increases to level 5!
Your Throwing skill gained 2 levels and is now at level 2!
Your Armour skill gained 2 levels and is now at level 3!
Your Dodging skill increases to level 7!
Your Stealth skill increases to level 5!
Your Unarmed Combat skill gained 2 levels and is now at level 2!
Your Spellcasting skill increases to level 1!
Your Invocations skill gained 2 levels and is now at level 2!
Your Evocations skill gained 3 levels and is now at level 3!
You have reached level 10!
Joseph smiles happily.
Joseph shoots a sling bullet.
The sling bullet hits you!
You die...

#.# .. #.## ##### ..# #...#
#####.## #...# #......# #...#
.#####....(.####.(.#####
.....'.....(..@'........
###############.@(.(#.###.@(.####
........................'......#.
#######......Z....####.##....#.#.
#.....'...........# #..####.#...
#.#####...........# ##.# #.#...
#.# #...........# ##.####.#.#.
#.# #............ ..........#.
#.# ############# #..###(#### #.#
#.# #)((.)


You could see Joseph and a hound skeleton (wandering).

Vanquished Creatures
  The ghost of Glaeka the Ruffian, an amateur GrMo of the Shining One (D:4)
  5 humans (D:7)
  A hornet zombie (D:8)
  An orc warrior (Temple)
  3 ice beasts
  2 centaurs
  A big kobold (D:7)
  4 bullfrogs
  A water moccasin skeleton (D:7)
  A howler monkey (D:4)
  2 crimson imps
  2 bullfrog zombies
  3 bullfrog skeletons
  2 hounds (D:7)
  Crazy Yiuf (D:2)
  3 orc priests
  8 orc wizards
  Jessica (D:2)
  3 iguanas
  7 worker ants
  A hound zombie (D:7)
  A hound skeleton (D:4)
  A worker ant zombie (D:6)
  Robin (D:2)
  8 adders
  3 shadow imps
  2 oozes
  4 worms
  2 dart slugs
  7 leopard geckos
  14 orcs
  5 giant cockroaches
  7 hobgoblins
  15 jackals
  16 kobolds
  8 quokkas
  2 ball pythons
  12 bats
  5 frilled lizards
  18 goblins
  A leopard gecko skeleton (D:6)
  4 rats
189 creatures vanquished.

Notes
Turn   | Place    | Note
-------+----------+-------------------------------------------
     0 | D:1      | slep the Minotaur Monk began the quest for the Orb.
     0 | D:1      | Reached XP level 1. HP: 19/19 MP: 0/0
    65 | D:1      | Reached XP level 2. HP: 8/27 MP: 1/1
   110 | D:1      | Reached skill level 4 in Axes
   438 | D:2      | Noticed Jessica
   442 | D:2      | Killed Jessica
   442 | D:2      | Reached XP level 3. HP: 34/34 MP: 2/2
   478 | D:2      | Noticed Robin
   478 | D:2      | Reached XP level 4. HP: 16/41 MP: 3/3
   497 | D:2      | Killed Robin
   803 | D:2      | Reached skill level 5 in Axes
   905 | D:2      | Found a runed door.
  1175 | D:2      | Found a hide-covered altar of Uskayaw.
  1290 | D:2      | Reached skill level 1 in Armour
  1291 | D:2      | Reached XP level 5. HP: 43/47 MP: 4/4
  1490 | D:2      | Noticed Crazy Yiuf
  1497 | D:2      | Killed Crazy Yiuf
  2208 | D:4      | Reached skill level 5 in Fighting
  2208 | D:4      | Reached skill level 6 in Axes
  2260 | D:4      | Noticed Glaeka's ghost (amateur GrMo)
  2263 | D:4      | Reached XP level 6. HP: 51/56 MP: 5/5
  2293 | D:4      | HP: 1/56 [Glaeka's ghost (6)]
  2294 | D:4      | Killed Glaeka's ghost
  2618 | D:4      | Reached XP level 7. HP: 57/61 MP: 6/6
  3151 | D:5      | Entered Level 5 of the Dungeon
  3178 | D:5      | Reached skill level 7 in Axes
  3178 | D:5      | Reached skill level 5 in Dodging
  4178 | D:6      | Reached XP level 8. HP: 67/70 MP: 7/7
  4234 | D:6      | Reached skill level 8 in Axes
  4609 | D:6      | Found a shadowy altar of Dithmenos.
  4634 | D:6      | You fall through a shaft for 2 floors!
  4634 | D:8      | Found a staircase to the Lair.
  4634 | D:8      | Noticed a two-headed ogre
  4684 | D:8      | Reached skill level 9 in Axes
  4708 | D:7      | HP: 3/71 [human/mace (14)]
  4739 | D:7      | Reached XP level 9. HP: 22/79 MP: 8/8
  4744 | D:7      | Reached skill level 10 in Axes
  4749 | D:7      | HP: 3/79 [ice beast (5)]
  4765 | D:7      | Reached skill level 1 in Maces & Flails
  5307 | D:7      | Found a staircase to the Ecumenical Temple.
  5342 | Temple   | Entered the Ecumenical Temple
  5475 | Temple   | Became a worshipper of Warmaster Okawaru
  5475 | Temple   | Reached * piety under Okawaru
  5475 | Temple   | Reached ** piety under Okawaru
  5832 | D:7      | Noticed Joseph
  5854 | D:7      | HP: 1/81 [Joseph/sling bullet (6)]
  5855 | D:7      | Reached skill level 11 in Axes
  5855 | D:7      | Reached skill level 5 in Maces & Flails
  5855 | D:7      | Reached skill level 5 in Stealth
  5855 | D:7      | Reached skill level 1 in Spellcasting
  5855 | D:7      | Reached XP level 10. HP: 1/91 MP: 8/11
  5855 | D:7      | Shot with a sling bullet by Joseph

Vault maps used:
D:1:      sevenhm_arrival_forest_fort_small_4
D:2:      minmay_door_path, nicolae_overflow_crystal_walls, serial_curves,
          eino_curves_04, eino_curves_02, eino_curves_03,
          kennysheep_generic_room_7, uniq_robin, uniq_jessica,
          uniq_crazy_yiuf_cottage
D:5:      first_bread
D:6:      basic_altar
D:7:      minmay_temple_entry_large_hall, minmay_ruffians, uniq_pikel,
          uniq_joseph
D:8:      lair_entry_dummy, lightli_orcish_oven
Temple:   kilobyte_greek_temple

Skill      XL: |  1  2  3  4  5  6  7  8  9 |
---------------+----------------------------+-----
Fighting       | 4 5 6 7 9 |  9.0
Axes           | 4 5 6 7 9 11 | 11.0
Dodging        | 4 5 6 7 |  7.6
Armour         | 1 3 |  3.5
Stealth        | 2 3 4 5 |  5.6
Maces & Flails | 5 |  5.6
Short Blades   | 2 |  2.9
Throwing       | 2 |  2.6
Unarmed Combat | 2 |  2.9
Spellcasting   | 1 |  1.7
Invocations    | 2 |  2.7
Evocations     | 3 |  3.1

Action                   |  1- 3 |  4- 6 |  7- 9 | 10-12 || total
-------------------------+-------+-------+-------+-------++-------
Melee: Hand axe          |    43 |   191 |   204 |       ||   438
       Headbutt          |     7 |    35 |    60 |       ||   102
       Flail             |       |       |    78 |       ||    78
 Fire: Blowgun           |       |       |    12 |       ||    12
Throw: Throwing net      |       |       |     1 |       ||     1
Evoke: Wand              |       |       |     7 |       ||     7
  Use: Potion            |       |     4 |     5 |       ||     9
 Stab: Sleeping          |       |    11 |     9 |       ||    20
       Invisible         |       |     4 |       |       ||     4
       Held in net/web   |       |       |     1 |       ||     1
  Eat: Chunk             |       |     5 |    10 |       ||    15
Armor: Robe              |     2 |       |    45 |       ||    47
       Ring mail         |    12 |     5 |       |       ||    17
       Animal skin       |       |    33 |    12 |       ||    45
Dodge: Dodged            |    32 |   125 |   190 |       ||   347
Block: Other             |       |       |    49 |       ||    49
       Reflection        |       |       |     1 |       ||     1

Table legend:
 A = Spawn XP
 B = Non-spawn XP
 C = Spawn XP percentage of total XP
 D = Spawn monster count
 E = Non-spawn monster count
 F = Spawn count percentage of total count
 G = Total turns spent on level
                    A         B        C        D         E        F      G
               +---------+---------+-------+---------+---------+-------+---------
         Total |       0 |    4415 |   0.0 |       0 |     189 |   0.0 |  5855
               +---------+---------+-------+---------+---------+-------+---------
           D:1 |       0 |      24 |   0.0 |       0 |      13 |   0.0 |   434
           D:2 |       0 |     214 |   0.0 |       0 |      43 |   0.0 |  1091
           D:3 |       0 |     106 |   0.0 |       0 |      35 |   0.0 |   678
           D:4 |       0 |     568 |   0.0 |       0 |      19 |   0.0 |   950
           D:5 |       0 |     490 |   0.0 |       0 |      25 |   0.0 |   950
           D:6 |       0 |     499 |   0.0 |       0 |      17 |   0.0 |   531
           D:7 |       0 |    2195 |   0.0 |       0 |      33 |   0.0 |   984
           D:8 |       0 |     186 |   0.0 |       0 |       3 |   0.0 |    58
        Temple |       0 |     133 |   0.0 |       0 |       1 |   0.0 |   179
               +---------+---------+-------+---------+---------+-------+---------
